 Dungeon Crawl Stone Soup version 0.26-a0-812-g31a745ddcd (webtiles) character file.

Game seed: 11037512283909240811

1304 vishdafish the Slasher (level 8, -15/79 HPs)
             Began as a Troll Berserker on Dec 1, 2020.
             Was an Elder of Trog.
             Demolished by an ogre
             ... wielding a +0 giant club
              (31 damage)
             ... on level 7 of the Dungeon.
             The game lasted 00:05:38 (5003 turns).

vishdafish the Slasher (Troll Berserker)            Turns: 5003, Time: 00:05:39

Health: -15/79     AC:  6    Str: 28    XL:     8   Next: 31%
Magic:  0/7        EV: 11    Int:  3    God:    Trog [****..]
Gold:   274        SH:  0    Dex:  9    Spells: 7/7 levels left

rFire    + . .     SeeInvis .   z - +0 long sword
rCold    + . .     Faith    .   (no shield)
rNeg     . . .     Spirit   +   b - +0 animal skin
rPois    .         Reflect  .   (helmet restricted)
rElec    .         Harm     .   p - scarf {rC+ rF+}
rCorr    .         Rampage  .   (gloves unavailable)
MR       .....                  (boots unavailable)
Stlth    +.........             y - amulet of guardian spirit
HPRegen  0.63/turn              (no ring)
MPRegen  0.10/turn              (no ring)

@: berserk cooldown
A: large, unfitting armour, claws 3, regeneration 1, shaggy fur 1, tough skin 3
a: Berserk, Trog's Hand, Brothers in Arms, Renounce Religion


You were on level 7 of the Dungeon.
You worshipped Trog.
Trog was greatly pleased with you.
You visited 1 branch of the dungeon, and saw 7 of its levels.

You collected 274 gold pieces.

Inventory:

Hand Weapons
 a - a +0 falchion
 z - a +0 long sword (weapon)
Missiles
 u - 5 javelins (quivered)
 F - a throwing net
Armour
 b - a +0 animal skin (worn)
 e - a +0 cloak
 p - a scarf of resistance (worn)
Jewellery
 y - an amulet of guardian spirit (around neck)
 B - an uncursed ring of wizardry {unknown}
Wands
 t - a wand of flame (21)
Scrolls
 c - a scroll of fear {unknown}
 d - 5 scrolls of identify {unknown}
 f - 2 scrolls of remove curse {unknown}
 h - 3 scrolls of fog {unknown}
 k - 2 scrolls of teleportation {unknown}
 l - a scroll of magic mapping {unknown}
 n - 2 scrolls of noise {unknown}
 o - a scroll of immolation {unknown}
 w - a scroll of vulnerability {unknown}
 C - a scroll of random uselessness {unknown}
 D - a scroll of enchant weapon {unknown}
 E - a scroll of blinking {unknown}
Potions
 g - a potion of cancellation {unknown}
 i - 2 potions of curing
 j - 3 potions of heal wounds {unknown}
 m - 2 potions of lignification {unknown}
 q - 2 potions of magic {unknown}
 r - a potion of resistance {unknown}
 s - 2 potions of degeneration {unknown}
 v - a potion of might {unknown}
 x - a potion of flight {unknown}
 A - a potion of attraction {unknown}


   Skills:
 + Level 4.8 Fighting
 * Level 6.5 Long Blades
 + Level 4.8 Dodging


You had 7 spell levels left.
You didn't know any spells.
Your spell library contained the following spells:

 Spells                   Type           Power        Failure   Level
 Corona                   Hex            #......      52%         1
 Magic Dart               Conj           #...         52%         1
 Blink                    Tloc           N/A          67%         2
 Call Imp                 Summ           #.......     67%         2
 Ensorcelled Hibernation  Hex/Ice        #.....       67%         2
 Slow                     Hex            #.......     67%         2
 Confusing Touch          Hex            #.......     88%         3
 Conjure Flame            Conj/Fire      #.......     88%         3
 Dazzling Flash           Conj/Hex       #.....       88%         3
 Mephitic Cloud           Conj/Pois/Air  #.......     88%         3
 Tukima's Dance           Hex            #.......     88%         3


Dungeon Overview and Level Annotations

Branches:
Dungeon (6/15)
 Temple: D:4-7

Altars:
Ashenzari
Dithmenos


Innate Abilities, Weirdness & Mutations

You are too large for most types of armour.
You have claws for hands.
Your natural rate of healing is unusually fast.
You are covered in fur. (AC +1)
You have extremely tough skin. (AC +3)


Message History

The ogre closely misses you.
You hit the ogre.
The ogre is moderately wounded.
The ogre closely misses you.
You closely miss the orc. The orc hits you but does no damage.
The ogre misses you. The orc barely misses you.
You riposte.
You hit the orc.
The orc is moderately wounded.
The ogre barely misses you.
You closely miss the orc.
The orc is moderately wounded.
The orc hits you with a +0 club. The ogre hits you with a +0 giant club!
You slash the orc!
You kill the orc!
Trog accepts your kill.
You feel yourself speed up.
The ogre hits you with a +0 giant club!!
* * * LOW HITPOINT WARNING * * *
It was a potion of curing.
You feel better.
The ogre hits you with a +0 giant club!!
You die...

#######
#.....#
#.....#
#.....#
#.....#
#.?)..#
#..@..#
#.O)?.#
#......†...#
#...?...####
#.......#
+(......#
#..(....#
+(.......
#........


You could see an ogre.

Vanquished Creatures
  Duvessa (D:5)
  2 ogres
  3 centaurs (D:5)
  Dowan (D:5)
  A scorpion (D:6)
  3 howler monkeys (D:7)
  3 hounds
  An orc priest (D:4)
  Crazy Yiuf (D:2)
  A centaur skeleton (D:4)
  3 orc wizards
  6 worker ants
  A killer bee zombie (D:5)
  A howler monkey skeleton (D:4)
  3 adders
  3 ufetubi
  An ooze (D:3)
  A worm (D:2)
  A dart slug (D:1)
  4 leopard geckos
  13 orcs
  9 bats
  3 giant cockroaches
  6 goblins
  6 hobgoblins
  4 jackals (D:5)
  3 quokkas
  2 ball pythons
  3 frilled lizards
  A jackal skeleton (D:5)
  8 kobolds
  A leopard gecko skeleton (D:5)
  A quokka zombie (D:5)
  3 rats
104 creatures vanquished.

Notes
Turn   | Place    | Note
-------+----------+-------------------------------------------
     0 | D:1      | vishdafish the Troll Berserker began the quest for the Orb.
     0 | D:1      | Reached XP level 1. HP: 22/22 MP: 0/0
   199 | D:1      | Reached XP level 2. HP: 29/29 MP: 1/1
   838 | D:2      | Reached skill level 3 in Long Blades
   841 | D:2      | Reached XP level 3. HP: 26/36 MP: 2/2
   849 | D:2      | Reached ** piety under Trog
   943 | D:2      | Found a runed translucent door.
   944 | D:2      | Noticed Crazy Yiuf
  1376 | D:2      | Reached XP level 4. HP: 44/44 MP: 3/3
  1853 | D:2      | Killed Crazy Yiuf
  2006 | D:3      | Found a broken altar of Ashenzari.
  2190 | D:3      | Reached XP level 5. HP: 41/53 MP: 4/4
  2730 | D:4      | Reached skill level 4 in Long Blades
  2846 | D:4      | Noticed an ogre
  2849 | D:4      | Killed an ogre
  2849 | D:4      | Reached XP level 6. HP: 61/61 MP: 5/5
  2917 | D:4      | Found a shadowy altar of Dithmenos.
  3002 | D:4      | Reached *** piety under Trog
  3401 | D:4      | Reached skill level 5 in Long Blades
  3401 | D:4      | Reached XP level 7. HP: 68/68 MP: 6/6
  3752 | D:5      | Entered Level 5 of the Dungeon
  4368 | D:5      | Noticed Duvessa
  4369 | D:5      | Noticed Dowan
  4381 | D:5      | Killed Duvessa
  4384 | D:5      | Killed Dowan
  4384 | D:5      | Reached skill level 6 in Long Blades
  4384 | D:5      | Reached XP level 8. HP: 79/79 MP: 7/7
  4762 | D:6      | Reached **** piety under Trog
  4968 | D:6      | You fall into a shaft and drop 1 floor!
  5003 | D:7      | Demolished by an ogre

Illustrated notes

Levels and vault maps discovered:
D:1:      scummos_arrival_simple_crosswalls, layout_basic
D:2:      minmay_kobold_bridge, layout_loops_ring, minmay_ruptured,
          uniq_crazy_yiuf_cottage
D:3:      layout_basic, lemuel_statue_altar
D:4:      layout_loops_cross, nicolae_dithmenos_through_a_glass_darkly
D:5:      layout_gridville, uniq_duvessa
D:6:      layout_loops_corners, fedhas_bush_and_centaur_altar, minitemple,
          minmay_temple_entry_hall, basic_altar, uniq_prince_ribbit1
D:7:      layout_basic, uniq_harold

Skill      XL: |  1  2  3  4  5  6  7 |
---------------+----------------------+-----
Long Blades    | 3 4 5 6 |  6.5
Fighting       | 3 4 |  4.8
Dodging        | 3 4 |  4.8

Action                   |  1- 3 |  4- 6 |  7- 9 || total
-------------------------+-------+-------+-------++-------
Melee: Falchion          |   113 |   175 |    79 ||   367
       Long sword        |       |       |    58 ||    58
Throw: Javelin           |       |       |     2 ||     2
Invok: Berserk           |       |     7 |     4 ||    11
  Use: Potion            |       |       |     1 ||     1
 Stab: Sleeping          |       |     1 |       ||     1
Armor: Animal skin       |    68 |    70 |    46 ||   184
Dodge: Dodged            |    76 |   115 |    86 ||   277
       Rpst.: Falchion   |    19 |    32 |    15 ||    66
       Long sword        |       |       |     8 ||     8

Table legend: (Time is in decaauts)
 A = Elapsed time spent in this place.
 B = Non-inter-level travel time spent in this place.
 C = Inter-level travel time spent in this place.
 D = Time resting spent in this place.
 E = Time spent auto-exploring this place.
 F = Levels seen in this place.
 G = Mean time per level.
                   A        B        C        D        E       F      G
               +--------+--------+--------+--------+--------+-----+--------+
         Total |   5139 |   4884 |    255 |    601 |   3429 |   7 |  734.1 |
       Dungeon |   5139 |   4884 |    255 |    601 |   3429 |   7 |  734.1 |
               +--------+--------+--------+--------+--------+-----+--------+

Top non-repeatable levels by time:
     D:2: 1181 daAuts
     D:4: 1081 daAuts
     D:5: 1032 daAuts
     D:3: 793 daAuts
     D:1: 787 daAuts
     D:6: 220 daAuts
     D:7: 42 daAuts
